 Dungeon Crawl Stone Soup version 0.17-a0-1900-g45e8110 (webtiles) character file.

186 derrpe the Poker (level 5, 0/41 HPs)
             Began as a Demonspawn Abyssal Knight on Sept 24, 2015.
             Was a Believer of Lugonu.
             Slain by a rat (2 damage)
             ... on level 3 of the Dungeon.
             The game lasted 00:04:29 (3012 turns).

derrpe the Poker (Demonspawn Abyssal Knight)        Turns: 3012, Time: 00:04:29

Health: 0/41       AC: 11    Str: 13    XL:     5   Next: 38%
Magic:  7/7        EV:  6    Int: 14    God:    Lugonu [**....]
Gold:   102        SH:  0    Dex: 12    Spells: 0 memorised, 4 levels left

rFire  . . .     SeeInvis .     a - +1 spear
rCold  . . .     Clarity  .     h - +0 chain mail
rNeg   . . .     SustAt   .     (no shield)
rPois  .         Gourm    .     (no helmet)
rElec  .         Spirit   .     d - +0 cloak
rCorr  .         Warding  .     (no gloves)
rMut   .         Stasis   .     (no boots)
MR     .....                    (no amulet)
Stlth  ..........               (no ring)
                                (no ring)

@: not resistant to hostile enchantments, extremely unstealthy
A: talons 1, yellow scales 1, nightstalker 1
a: Depart the Abyss, Bend Space, Renounce Religion


You were on level 3 of the Dungeon.
You worshipped Lugonu.
Lugonu was pleased with you.
You were not hungry.

You visited 1 branch of the dungeon, and saw 3 of its levels.
You visited the Abyss 1 time.

You collected 102 gold pieces.

Inventory:

Hand weapons
 a - a +1 spear (weapon)
Armour
 b - a +0 leather armour
 d - a +0 cloak (worn)
 h - a +0 chain mail (worn)
Scrolls
 e - a scroll of immolation {unknown}
 i - a scroll of identify {unknown}
 k - a scroll of blinking {unknown}
 l - 3 scrolls of teleportation {unknown}
 n - 3 scrolls of remove curse {unknown}
Potions
 m - 3 potions of curing {unknown}
 o - a potion of agility {unknown}
Comestibles
 c - 3 bread rations {@e1}
 f - 2 meat rations {@e2}
 g - 3 chunks of flesh {@w0}
 j - a beef jerky


   Skills:
 - Level 3.0 Fighting
 * Level 4.7 Polearms
 - Level 1.7 Armour
 - Level 0.8 Dodging
 + Level 3.7 Invocations


You had 4 spell levels left.
You didn't know any spells.

Dungeon Overview and Level Annotations

Branches:
Dungeon (3/15)

Altars:
Ashenzari


Innate Abilities, Weirdness & Mutations

You have sharp toenails.
You are partially covered in yellow scales (AC +2).
You are slightly more attuned to the shadows.


Message History

You miss the orc wizard. Your kick misses the orc wizard.
The orc wizard is severely wounded.
The rat bites you but does no damage.
The orc wizard points at you and mumbles some strange words.
The magic dart hits you!
* * * LOW HITPOINT WARNING * * *
You miss the orc wizard.
The orc wizard is severely wounded.
The rat barely misses you.
The orc wizard hits you but does no damage.
You barely miss the orc wizard.
You claw the orc wizard, but do no damage.
The orc wizard is severely wounded.
The rat bites you but does no damage.
The orc wizard hits you but does no damage.
You closely miss the orc wizard.
You claw the orc wizard, but do no damage.
The orc wizard is severely wounded.
The rat bites you.
You die...

#.# #.. #.# #.#
#.# ## #o##.##
#@#...## #.r....#
#.#...## #.##.##
#.# .#
################.#
#
.................#
........##########
.######.#


You could see an orc wizard and a rat.

Vanquished Creatures
  A water moccasin skeleton (D:2)
  An orc priest (D:3)
  4 adders
  An ooze (D:1)
  A worm (D:3)
  5 giant geckos
  An orc (D:3)
  5 giant cockroaches
  6 goblins
  6 hobgoblins
  6 kobolds
  3 quokkas (D:2)
  2 ball pythons
  7 bats
  7 giant newts
  4 rats
60 creatures vanquished.

Notes
Turn   | Place    | Note
--------------------------------------------------------------
     0 | Abyss:1  | derrpe the Demonspawn Abyssal Knight began the quest for the Orb.
     0 | Abyss:1  | Reached XP level 1. HP: 18/18 MP: 2/2
    82 | Abyss:1  | Noticed a large abomination
    87 | Abyss:2  | Found a corrupted altar of Lugonu.
    87 | Abyss:2  | Found a corrupted altar of Lugonu.
   101 | Abyss:2  | Noticed an iron imp
   121 | Abyss:3  | Noticed a large abomination
   146 | D:1      | Escaped the Abyss
   233 | D:1      | Gained mutation: You are partially covered in yellow scales (AC +2). [demonic ancestry]
   233 | D:1      | Reached XP level 2. HP: 1/24 MP: 3/3
   622 | D:1      | Acquired Lugonu's first power
  1221 | D:1      | Gained mutation: You are slightly more attuned to the shadows. [demonic ancestry]
  1221 | D:1      | Reached XP level 3. HP: 29/29 MP: 4/4
  1860 | D:2      | Reached XP level 4. HP: 35/35 MP: 6/6
  2061 | D:2      | Acquired Lugonu's second power
  2156 | D:2      | Reached skill level 4 in Polearms
  2215 | D:2      | Found a shattered altar of Ashenzari.
  2736 | D:2      | Gained mutation: You have sharp toenails. [demonic ancestry]
  2736 | D:2      | Reached XP level 5. HP: 25/41 MP: 7/7
  3009 | D:3      | HP: 2/41 [orc wizard/magic dart (9)]
  3012 | D:3      | Slain by a rat

Vault maps used:
D:1:      scummos_arrival_gate, st_stairs_6, hangedman_decor_clover_reticule,
          hangedman_decor_points
D:2:      nicolae_overflow_crystal_walls, first_bread
D:3:      okawaru_altar_gauntlet_db, nicolae_tso_swordbearing_angel,
          serial_park_tiny_2, uniq_natasha
Abyss:2:  minivault_5, hangedman_abyss_feature_spike

Action                   |  1- 3 |  4- 6 || total
-------------------------+-------+-------++-------
Melee: Spear             |   194 |   153 ||   347
Invok: Depart the Abyss  |     1 |       ||     1
  Use: Potion            |     1 |       ||     1
 Stab: Sleeping          |     1 |       ||     1
  Eat: Chunk             |     3 |     4 ||     7
